 Dungeon Crawl Stone Soup version 0.19.0-1-g5985abe (webtiles) character file.

129 varam the Chopper (level 4, -3/35 HPs)
             Began as a Demonspawn Fighter on Nov 2, 2016.
             Was an Initiate of Makhleb.
             Slain by a sky beast (4 damage)
             ... on level 3 of the Dungeon.
             The game lasted 00:04:09 (2953 turns).

varam the Chopper (Demonspawn Fighter)              Turns: 2953, Time: 00:04:10

Health: -3/35      AC:  4    Str: 17    XL:     4   Next: 88%
Magic:  0/4        EV:  8    Int:  9    God:    Makhleb [......]
Gold:   240        SH:  8    Dex: 13    Spells: 0 memorised, 3 levels left

rFire  . . .     SeeInvis .     a - +0 war axe
rCold  + . .     Gourm    .     g - +1 leather armour {rC+}
rNeg   . . .     Faith    .     c - +0 shield
rPois  .         Spirit   +     (helmet restricted)
rElec  .         Reflect  .     (no cloak)
rCorr  .         Harm     .     (no gloves)
MR     .....                    (no boots)
Stlth  +.........               l - amulet of guardian spirit
                                (no ring)
                                (no ring)

@: no status effects
A: horns 2, magic shield
a: Renounce Religion


You were on level 3 of the Dungeon.
You worshipped Makhleb.
Makhleb was noncommittal.
You were hungry.

You visited 1 branch of the dungeon, and saw 4 of its levels.

You collected 240 gold pieces.

Inventory:

Hand Weapons
 a - a +0 war axe (weapon)
Armour
 b - a +0 scale mail
 c - a +0 shield (worn)
 g - a +1 leather armour of cold resistance (worn)
Jewellery
 l - an amulet of guardian spirit (around neck)
Wands
 s - a wand of flame (11/48)
Scrolls
 h - a scroll of recharging {unknown}
 j - 2 scrolls of teleportation {unknown}
 k - a scroll of enchant weapon {unknown}
 m - 4 scrolls of identify {unknown}
 o - a scroll of random uselessness {unknown}
 p - a scroll of amnesia {unknown}
 q - a scroll of remove curse {unknown}
Potions
 d - 3 potions of might
 e - 3 potions of curing {unknown}
 i - a potion of lignification {unknown}
 n - a potion of haste {unknown}
 u - a potion of invisibility {unknown}
 v - a potion of heal wounds {unknown}
 x - a potion of flight {unknown}
Comestibles
 f - 3 bread rations
 r - 3 meat rations
 t - a slice of pizza


   Skills:
 - Level 3.0 Fighting
 + Level 4.6 Axes
 - Level 2.6 Armour
 - Level 2.6 Shields
 + Level 0.3 Spellcasting


You had 3 spell levels left.
You didn't know any spells.

Dungeon Overview and Level Annotations

Branches:
Dungeon (4/15)
 Temple: D:4-7

Altars:
Dithmenos
Makhleb

Annotations:
D:2 Purgy
D:4 skk's ghost, novice OgBe


Innate Abilities, Weirdness & Mutations

You have a pair of horns on your head.
When hurt, damage is shared between your health and your magic reserves.


Message History

Reactivating autopickup.
The sky beast hits you. The sky beast shocks you.
Your shield and leather armour prevent you from hitting the sky beast.
Your headbutt misses the sky beast.
The sky beast hits you but does no damage.
You slash the sky beast!
You headbutt the sky beast, but do no damage.
The sky beast is moderately wounded.
The sky beast hits you.
* * * LOW HITPOINT WARNING * * *
The sky beast shocks you.
* * * LOW HITPOINT WARNING * * *
The sky beast flickers out of sight!
Deactivating autopickup; reactivate with Ctrl-A.
A sky beast appears from thin air!
Reactivating autopickup.
The sky beast hits you.
* * * LOW HITPOINT WARNING * * *
The sky beast shocks you.
You die...

#.....# #.....#
############# #.....#
............# #.....#
............#####.....#
............'..##.....#
............##.##.....#
####.#########.###'#+###
.............#..@†.....#
####.#######.#.Y##.#.#.#
#.# #....##.#.#
####.########...##.# #
.....................
##.#.########...##.#.
.....#########..##.#
##.#.......# #..# .#
#.#.......# #..#


You could see a sky beast.

Vanquished Creatures
  A hound (D:2)
  An orc wizard (D:3)
  An adder (D:3)
  A worm (D:2)
  2 dart slugs (D:2)
  A leopard gecko (D:3)
  4 orcs (D:3)
  8 bats
  A giant cockroach (D:3)
  5 goblins
  5 hobgoblins
  A jackal (D:1)
  2 quokkas (D:3)
  A ball python (D:4)
  3 frilled lizards
  10 kobolds
  6 rats
53 creatures vanquished.

Notes
Turn   | Place    | Note
-------+----------+-------------------------------------------
     0 | D:1      | varam the Demonspawn Fighter began the quest for the Orb.
     0 | D:1      | Reached XP level 1. HP: 18/18 MP: 1/1
    95 | D:1      | Reached skill level 2 in Axes
   161 | D:1      | Gained mutation: When hurt, damage is shared between your health and your magic reserves. [demonic ancestry]
   161 | D:1      | Reached XP level 2. HP: 23/24 MP: 2/2
   818 | D:2      | Reached skill level 3 in Axes
   839 | D:2      | Found a faded altar of an unknown god.
   897 | D:2      | Found a shadowy altar of Dithmenos.
   929 | D:2      | Gained mutation: You have a pair of small horns on your head. [demonic ancestry]
   929 | D:2      | Reached XP level 3. HP: 28/29 MP: 3/3
  1197 | D:2      | Found a burning altar of Makhleb.
  1281 | D:2      | Gained mutation: You have a pair of horns on your head. [demonic ancestry]
  1281 | D:2      | Reached XP level 4. HP: 33/35 MP: 2/4
  1390 | D:2      | Became a worshipper of Makhleb the Destroyer
  1504 | D:2      | Reached skill level 4 in Axes
  1707 | D:3      | Noticed Purgy
  1798 | D:2      | You fall through a shaft for 2 floors!
  1900 | D:4      | Noticed skk's ghost (novice OgBe)
  2896 | D:3      | Noticed a sky beast
  2939 | D:3      | HP: 1/35 [sky beast (5)]
  2953 | D:3      | HP: 1/35 [sky beast (1)]
  2953 | D:3      | Slain by a sky beast

Skill      XL: |  1  2  3  4 |
---------------+-------------+-----
Axes           | 2 3 4 |  4.6
Fighting       | |  3.0
Armour         | |  2.6
Shields        | |  2.6
Spellcasting   | |  0.3

Action                   |  1- 3 |  4- 6 || total
-------------------------+-------+-------++-------
Melee: War axe           |    75 |    86 ||   161
       Headbutt          |     4 |    10 ||    14
  Eat: Chunk             |     1 |     5 ||     6
Armor: Scale mail        |    48 |    30 ||    78
       Leather armour    |       |    13 ||    13
Dodge: Dodged            |    30 |    30 ||    60
Block: Shield            |    45 |    44 ||    89
